 Seeded DCSS version 0.29-a0-1047-g7c58e119a4 (webtiles) character file.

Game seed: 4045229958116204047 (custom seed)

540166 purpskrrrp the Wrestler (level 24, 0/220 HPs)
             Began as a Troll Abyssal Knight on Aug 17, 2022.
             Was the Champion of Lugonu.
             Slain by an acid blob (31 damage)
             ... created by the Royal Jelly
             ... on level 4 of the Pits of Slime.
             The game lasted 05:14:13 (60153 turns).

purpskrrrp the Wrestler (Troll Abyssal Knight)     Turns: 60153, Time: 05:14:14

Health: 0/220      AC: 16    Str: 43      XL:     24   Next: 71%
Magic:  10/23      EV:  7    Int:  3 (4)  God:    Lugonu [******]
Gold:   7345       SH: 31    Dex: 14      Spells: 23/23 levels left

rFire   + + .      SeeInvis .     - Unarmed
rCold   + + .      Faith    .   K - +18 shield of the Gong {rElec rN+ Will+ EV-5}
rNeg    + . .      Spirit   .   o - +12 gold dragon scales
rPois   +          Reflect  .   (helmet restricted)
rElec   +          Harm     .   q - +2 cloak {rCorr}
rCorr   +          Rampage  .   (gloves unavailable)
Will    ++...                   (boots unavailable)
Stlth   ..........              z - amulet of regeneration
HPRegen 2.06/turn               d - ring "Lyimemm" {Ice Fly Str+7 Int-2 Dex+4 Stlth-}
MPRegen 0.18/turn               l - ring "Vunui" {rF++ Slay+4}

@: corroded, on berserk cooldown, flying, slowed, studying Stealth, very slow
A: large, unfitting armour, claws 3, regeneration 1, shaggy fur 1, tough skin 1,
horns 1, deterioration 1, frail 1, MP-powered wands
}: 3/15 runes: decaying, serpentine, silver
a: Renounce Religion, Depart the Abyss, Bend Space, Banish, Corrupt, Enter the
Abyss


You were on level 4 of the Pits of Slime.
You worshipped Lugonu.
Lugonu was exalted by your worship.
You visited 10 branches of the dungeon, and saw 48 of its levels.
You visited the Abyss 6 times.
You also visited: Sewer, Gauntlet and Ice Cave.

You collected 8354 gold pieces.
You spent 1009 gold pieces at shops.

Inventory:

Hand Weapons
 a - a +9 demon trident of distortion
 y - a +4 spectral demon whip
 Q - the +7 great mace "Firestarter" {inner flame, rF++}
   (You found it on level 3 of the Depths)

   It burns those it strikes, dealing additional fire damage.
   It fills those it strikes with an explosive inner flame.
   It grants immunity to clouds of flame.
   rF:        It greatly protects you from fire.
Armour
 o - +12 gold dragon scales (worn)
 q - a +2 cloak of preservation (worn)
 K - the +18 shield of the Gong (worn) {rElec rN+ Will+ EV-5}
   (You found it on level 5 of the Vaults)

   It is deafeningly noisy when blocking attacks.
   EV:        It affects your evasion (-5).
   rElec:     It insulates you from electricity.
   rN:        It protects you from negative energy.
   Will:      It increases your willpower.
Jewellery
 c - a ring of magical power
 d - the ring "Lyimemm" (left claw) {Ice Fly Str+7 Int-2 Dex+4 Stlth-}
   (You took it off Josephina on level 2 of the Depths)

   [ring of ice]

   It enhances your ice magic.
   Str:       It affects your strength (+7).
   Int:       It affects your intelligence (-2).
   Dex:       It affects your dexterity (+4).
   rF:        It makes you vulnerable to fire.
   rC:        It protects you from cold.
   Fly:       It grants you flight.
   Stlth:     It makes you less stealthy.
 g - a +6 ring of strength
 l - the ring "Vunui" (right claw) {rF++ Slay+4}
   (You found it in a Gauntlet)

   [ring of slaying]

   Slay:      It affects your accuracy & damage with ranged weapons and melee
   (+4).
   rF:        It greatly protects you from fire.
 w - a +6 ring of dexterity
 x - a +6 ring of dexterity
 z - an amulet of regeneration (around neck)
 C - a ring of magical power
 F - a ring of positive energy
 L - a ring of see invisible
 P - a ring of wizardry
 V - a +4 ring of protection
Wands
 h - a wand of flame (101)
 s - a wand of digging (31)
 H - a wand of roots (34) (quivered)
 J - a wand of light (6)
 N - a wand of mindburst (48)
 X - a wand of charming (12)
Scrolls
 b - 9 scrolls of teleportation
 k - 20 scrolls of immolation
 n - 5 scrolls of magic mapping
 t - 6 scrolls of amnesia
 B - 5 scrolls of fear
 E - a scroll of summoning
 G - a scroll of poison
 R - a scroll of silence
 Z - 4 scrolls of butterflies
Potions
 f - 7 potions of mutation
 i - 3 potions of invisibility
 j - 10 potions of brilliance
 m - 3 potions of ambrosia
 u - a potion of haste
 v - 2 potions of heal wounds
 A - 8 potions of magic
 D - 3 potions of cancellation
 O - 3 potions of resistance
 S - 27 potions of curing
 U - 12 potions of flight
Miscellaneous
 e - a lightning rod (4/4)
 p - a phantom mirror


   Skills:
 + Level 15.2 Fighting
 + Level 14.2 Maces & Flails
 + Level 19.5 Armour
 + Level 15.1 Dodging
 * Level 17.3 Shields
 * Level 25.7 Unarmed Combat
 - Level 2.4 Invocations


You had 23 spell levels left.
You didn't know any spells.
Your spell library contained the following spells:

 Spells                   Type           Power      Damage    Failure   Level
 Apportation              Tloc           0%         N/A       99%         1
 Foxfire                  Conj/Fire      0%         2x1d4     99%         1
 Magic Dart               Conj           0%         1d3       99%         1
 Shock                    Conj/Air       0%         1d3       99%         1
 Slow                     Hex            0%         N/A       99%         1
 Summon Small Mammal      Summ           0%         N/A       99%         1
 Call Imp                 Summ           0%         N/A       100%        2
 Passwall                 Tmut/Erth      0%         N/A       100%        2
 Static Discharge         Conj/Air       0%         3-3/arc   100%        2
 Call Canine Familiar     Summ           0%         N/A       100%        3
 Confusing Touch          Hex            0%         N/A       100%        3
 Conjure Flame            Conj/Fire      0%         6-21      100%        3
 Dazzling Flash           Conj/Hex       0%         N/A       100%        3
 Gell's Gravitas          Tloc           0%         N/A       100%        3
 Inner Flame              Hex/Fire       0%         N/A       100%        3
 Lesser Beckoning         Tloc           0%         N/A       100%        3
 Mephitic Cloud           Conj/Pois/Air  0%         N/A       100%        3
 Portal Projectile        Hex/Tloc       0%         N/A       100%        3
 Summon Guardian Golem    Hex/Summ       0%         N/A       100%        3
 Swiftness                Air            0%         N/A       100%        3
 Teleport Other           Tloc           0%         N/A       100%        3
 Tukima's Dance           Hex            0%         N/A       100%        3
 Vampiric Draining        Necr           0%         2d6       100%        3
 Airstrike                Air            0%         2d(0-16)  100%        4
 Animate Dead             Necr           0%         N/A       100%        4
 Flame Wave               Conj/Fire      0%         2d4       100%        4
 Hailstorm                Conj/Ice       0%         3d3       100%        4
 Ice Form                 Ice/Tmut       0%         N/A       100%        4
 Iskenderun's Mystic Bla  Conj/Tloc      0%         2d3       100%        4
 Leda's Liquefaction      Hex/Erth       0%         N/A       100%        4
 Passage of Golubria      Tloc           0%         N/A       100%        4
 Summon Ice Beast         Ice/Summ       0%         N/A       100%        4
 Summon Lightning Spire   Summ/Air       0%         N/A       100%        4
 Alistair's Intoxication  Tmut/Pois      0%         N/A       100%        5
 Blade Hands              Tmut           0%         N/A       100%        5
 Borgnjor's Vile Clutch   Necr/Erth      0%         N/A       100%        5
 Freezing Cloud           Conj/Ice/Air   0%         6-21      100%        5
 Irradiate                Conj/Tmut      0%         3d11      100%        5
 Lee's Rapid Deconstruct  Erth           0%         3d5*      100%        5
 Lightning Bolt           Conj/Air       0%         1d11      100%        5
 Summon Mana Viper        Hex/Summ       0%         N/A       100%        5
 Yara's Violent Unravell  Hex/Tmut       0%         3d3       100%        5
 Death Channel            Necr           0%         N/A       100%        6
 Eringya's Noxious Bog    Tmut/Pois      0%         N/A       100%        6
 Simulacrum               Ice/Necr       0%         N/A       100%        6
 Starburst                Conj/Fire      0%         6d3       100%        6
 Statue Form              Tmut/Erth      0%         N/A       100%        6
 Dragon Form              Tmut           0%         N/A       100%        7
 Haunt                    Necr/Summ      0%         N/A       100%        7
 Monstrous Menagerie      Summ           0%         N/A       100%        7
 Chain Lightning          Conj/Air       0%         N/A       100%        9
 Dragon's Call            Summ           0%         N/A       100%        9
 Fire Storm               Conj/Fire      0%         5d1       100%        9
 Polar Vortex             Ice            0%         N/A       100%        9
 Shatter                  Erth           0%         3d5*      100%        9


Dungeon Overview and Level Annotations

Branches:
Dungeon (15/15)            Temple (0/1) D:4            Lair (5/5) D:11
  Swamp (4/4) Lair:2        Snake (4/4) Lair:3        Slime (5/5) Lair:5
    Orc (2/2) D:12            Elf (3/3) Orc:2        Vaults (5/5) D:13
  Crypt (0/3) Vaults:2     Depths (4/4) D:15            Zot (1/5) Depths:4
  Sewer (visited)           IceCv (visited)         Gauntlet (visited)

Altars:
Ashenzari
Cheibriados
Dithmenos
Elyvilon
Fedhas
Hepliaklqana
Kikubaaqudgha
Nemelex Xobeh
Okawaru
Sif Muna
Trog
Uskayaw
Vehumet
Wu Jian
Yredelemnul
The Shining One
Jiyva

Shops:
D:12 *   D:15 ?   Orc:1 *   Orc:2 ![[[   Snake:3 :(*[   Vaults:1 !   Vaults:2 *
Depths:1 !   Depths:2 *   Depths:3 (

Portals:
Hell: Depths:1 Depths:2 Depths:3 Depths:4
Abyss: Depths:1 Depths:2 Depths:3
Pandemonium: Depths:2
Ziggurat: Depths:2
Trove: Vaults:3 (show abyssal rune of Zot)

Annotations:
Slime:5 Royal Jelly


Innate Abilities, Weirdness & Mutations

You are too large for most types of armour.
You have claws for hands.
Your natural rate of healing is unusually fast.
You are covered in fur. (AC +1)
You have tough skin. (AC +1)
You have a pair of small horns on your head.
Your body sometimes deteriorates upon taking damage.
You are frail. (-10% HP)
You expend magic power (3 MP) to strengthen your wands.


Message History

The quicksilver ooze attacks as you move away!
You block the quicksilver ooze's attack.
GONNNNG!
You block the quicksilver ooze's attack.
GONNNNG!
You gasp with relief as air once again reaches your lungs.
You block the quicksilver ooze's attack.
GONNNNG!
The quicksilver ooze hits you but does no damage.
The acid blob attacks as you move away! You block the acid blob's attack.
PANG!
The acid blob spits acid at you. The splash of acid hits you! You resist.
* * * LOW HITPOINT WARNING * * *
The acid blob spits acid at you. The splash of acid hits you! You resist.
* * * LOW HITPOINT WARNING * * *
The acid corrodes you! The acid blob spits acid at you.
The splash of acid hits you! You resist.
* * * LOW HITPOINT WARNING * * *
The acid corrodes you!
You feel much better. The acid blob spits acid at you.
The splash of acid hits you. You resist.
* * * LOW HITPOINT WARNING * * *
The acid blob spits acid at you. The splash of acid hits you. You resist.
* * * LOW HITPOINT WARNING * * *
The acid blob spits acid at you. The splash of acid hits you! You resist.
* * * LOW HITPOINT WARNING * * *
The acid blob spits acid at you.
The splash of acid hits you but does no damage.
You feel much better. You block the acid blob's attack.
GONNNNG!
You block the acid blob's attack.
GONNNNG!
The acid blob hits you!!
You die...

......#. .......######
.#.#..#..#..##
.............#
.........#...#######
....#.###.......#..##
.......#............##
.............J.J.....#
.............JJJ@..<.#
J..#...........J.....#
J..#.#..#..........#.#
........#.......##.###
........#...########
...........##
......#.#.##
..##.###### ### ##


You could see 3 acid blobs, an azure jelly and 2 quicksilver oozes.

Vanquished Creatures
  2 ancient liches (Depths:3)
  2 dread liches (Vaults:5)
  Mara (Vaults:4)
  3 juggernauts
  Josephina (Depths:2)
  Margery (Vaults:2)
  Bai Suzhen (Vaults:2)
  A caustic shrike (Depths:3)
  Jory (Vaults:4)
  2 golden dragons
  Mlioglotl (Snake:3)
  13 tentacled monstrosities
  Zenata (Elf:3)
  3 walking crystal tomes
  A lich (Depths:2)
  5 quicksilver dragons
  4 titans
  2 walking divine tomes (Depths:3)
  3 deep elf blademasters
  2 deep elf master archers (Elf:3)
  21 acid blobs
  5 death cobs (Zot:1)
  A tentacled starspawn (Abyss:3)
  5 sphinxes
  A sphinx (shapeshifter) (Depths:3)
  Roxanne (Elf:1)
  The ghost of Kacaoki the Warrior, an adept MiBe of Trog (Swamp:3)
  5 tengu reavers
  A draconian monk (Zot:1)
  6 shadow dragons
  13 fire giants
  2 fenstrider witches (Swamp:3)
  8 nagarajas
  Donald (Vaults:2)
  3 narguns (Depths:1)
  7 azure jellies
  10 vault wardens
  5 deep elf sorcerers
  4 storm dragons
  3 orc warlords
  5 iron dragons
  4 frost giants
  A draconian knight (Zot:1)
  6 rockslimes
  A draconian scorcher (Zot:1)
  4 draconian shifters (Zot:1)
  A cacodemon (Abyss:3)
  2 draconian stormcallers (Zot:1)
  20 ironbound preservers
  3 deep elf elementalists (Elf:3)
  4 draconian annihilators
  10 very ugly things
  2 juggernaut skeletons (Depths:2)
  2 spriggan defenders
  5 war gargoyles
  14 stone giants
  9 quicksilver oozes
  8 black draconians
  2 ironbound thunderhulks
  8 deep elf demonologists
  A green draconian (Zot:1)
  7 eleionomae
  Nessos (Lair:3)
  A minotaur (Gauntlet)
  Azrael (Snake:1)
  An entropy weaver (Vaults:3)
  2 vampire knights (Depths:3)
  2 purple draconians (Zot:1)
  8 deep elf annihilators
  A white draconian (Zot:1)
  9 dire elephants
  3 spark wasps
  5 yellow draconians
  2 red draconians (Zot:1)
  Snorg (Lair:3)
  12 ettins
  2 blizzard demons
  8 deep elf death magi
  2 crystal guardians (Vaults:3)
  3 rakshasas
  7 deep elf high priests
  10 great orbs of eyes
  12 yaktaur captains
  11 fire dragons
  A shambling mangrove (Swamp:3)
  Fannar (Lair:2)
  3 peacekeepers
  17 ice dragons
  3 ghost crabs
  2 hell beasts
  A catoblepas (Lair:5)
  5 spriggan air magi
  37 vault guards
  Harold (D:9)
  5 boulder beetles
  23 hydras
  3 spriggan skeletons (Depths:2)
  5 salamander tyrants
  2 ogre magi
  5 ironbound frosthearts
  7 tengu warriors
  3 two-headed ogres
  17 naga warriors
  9 centaur warriors
  27 dancing weapons
  11 anacondas
  4 alligators
  4 deep troll earth magi
  Urug (Lair:3)
  3 deep troll shamans
  3 spriggan berserkers
  4 naga sharpshooters
  4 hell knights
  An orc high priest (Elf:1)
  A vampire mage (Depths:3)
  8 shock serpents
  A wretched star (Gauntlet)
  Nergalle (Lair:2)
  7 deep elf knights (Elf:2)
  2 soul eaters
  8 iron trolls
  A fire crab (Lair:5)
  A fire crab (shapeshifter) (D:15)
  3 goliath frogs
  2 sea snakes
  2 salamander mystics
  10 swamp dragons
  59 deep trolls
  23 skeletal warriors
  4 flayed ghosts
  6 spriggan druids
  2 bunyip zombies (Swamp:3)
  Lodul (D:13)
  7 deep elf archers
  4 bog bodies
  8 wizards
  2 glowing orange brains
  6 phantasmal warriors
  Pikel (D:6)
  19 lindwurms
  19 ironbound convokers
  11 orc knights
  3 harpies (Vaults:2)
  4 golden dragon skeletons (Depths:2)
  27 deep elf pyromancers
  18 deep elf zephyrmancers
  6 mana vipers
  6 necromancers
  5 naga ritualists
  2 orc sorcerers (Orc:2)
  2 shining eyes
  25 ugly things
  2 oklob plants
  3 cyclopes
  5 manticores
  6 will-o-the-wisps
  24 salamanders
  6 moths of wrath (Zot:1)
  A salamander (shapeshifter) (D:15)
  Maurice (D:13)
  45 black mambas
  4 guardian serpents
  A moth of wrath (shapeshifter) (D:14)
  15 vault sentinels
  22 elephants
  2 ice statues (IceCv)
  2 sphinx skeletons (Depths:2)
  2 frost giant skeletons (Depths:2)
  An iron dragon skeleton (Depths:2)
  7 molten gargoyles
  5 gargoyles
  2 eyes of devastation
  17 naga magi
  5 fire giant skeletons (Depths:2)
  20 cane toads
  A torpor snail (Lair:4)
  10 rime drakes
  5 tengu conjurers
  11 large abominations
  3 unseen horrors
  A kobold demonologist (D:9)
  A golden dragon simulacrum (Depths:2)
  A yaktaur (shapeshifter) (D:13)
  Psyche (D:8)
  3 freezing wraiths
  2 efreet
  An ice devil (D:12)
  24 yaktaurs
  18 komodo dragons
  8 trolls
  A troll (shapeshifter) (Depths:3)
  A hydra zombie (Swamp:3)
  7 polar bears
  12 hornets
  A bloated husk (Swamp:4)
  9 tyrant leeches
  Prince Ribbit (D:6)
  93 slime creatures
  21 blink frogs
  4 dream sheep
  4 air elementals
  13 flying skulls
  2 shadows
  7 wyverns
  52 yaks
  7 spriggans
  A ynoxinul (Abyss:3)
  8 basilisks
  5 small abominations
  A wyvern (shapeshifter) (Vaults:4)
  10 water elementals
  Eustachio (D:5)
  3 fire elementals
  12 vampire mosquitoes
  3 steam dragons
  3 wraiths
  A chaos spawn (Depths:2)
  6 golden eyes (Slime:1)
  A redback (shapeshifter) (D:15)
  Menkaure (D:7)
  A redback (Vaults:3)
  50 nagas
  18 swamp worms
  8 wargs
  26 water moccasins
  10 hell hounds
  4 acid dragons
  3 ice beasts
  3 glowing shapeshifter skeletons (Depths:2)
  3 floating eyes
  5 black bears
  4 swamp drakes
  37 orc warriors
  A swamp dragon zombie (Swamp:3)
  2 sky beasts
  Pargi (Sewer)
  A black bear (shapeshifter) (Elf:3)
  5 boggarts (Vaults:1)
  11 ogres
  An alligator simulacrum (Swamp:3)
  17 wolves (Lair:1)
  22 centaurs
  2 lemures (D:6)
  2 phantoms
  2 kobold brigands
  2 necrophages
  An earth elemental (Elf:3)
  A gnoll sergeant (D:9)
  16 bullfrogs
  8 scorpions
  19 wights
  4 killer bees (D:10)
  3 lindwurm simulacra (IceCv)
  5 electric eels
  2 howler monkeys (D:9)
  5 lava snakes (Lair:5)
  3 quasits (D:12)
  5 komodo dragon simulacra (IceCv)
  4 hounds
  8 jellies
  3 gnoll boudas
  17 orc priests
  5 iguanas
  18 orc wizards
  8 hell rats (Lair:2)
  A polar bear simulacrum (Lair:4)
  A wolf simulacrum (Lair:4)
  8 adders
  19 gnolls
  4 acid dragon simulacra (IceCv)
  An ufetubus (D:6)
  9 steam dragon simulacra (IceCv)
  A worm (D:9)
  3 dart slugs
  80 orcs
  7 endoplasms
  5 giant cockroaches
  7 goblins
  3 hobgoblins
  16 kobolds
  2 quokkas
  8 ball pythons
  9 bats
  8 frilled lizards
  11 rats
  A plant (Lair:4)
  2 starspawn tentacles (Abyss:3)
2066 creatures vanquished.

Vanquished Creatures (collateral kills)
  A vault warden (Vaults:2)
  A vault guard (Vaults:2)
  An ironbound frostheart (Vaults:2)
  A will-o-the-wisp (Swamp:3)
  4 orc warriors (Orc:2)
  3 orc priests (Orc:1)
  23 orcs
34 creatures vanquished.

Vanquished Creatures (others)
  A fire giant (Depths:3)
  A spark wasp (Depths:2)
  A hell beast (Depths:1)
  2 hydras (Swamp:4)
  2 alligators (Swamp:4)
  A juggernaut simulacrum (Depths:2)
  A naga sharpshooter (Snake:3)
  A deep elf knight (Elf:2)
  A deep elf zephyrmancer (Elf:2)
  A deep elf pyromancer (Elf:2)
  A titan simulacrum (Depths:2)
  An unseen horror (Depths:2)
  2 bloated husks
  A sphinx simulacrum (Depths:2)
  A warg (Orc:2)
  A hydra simulacrum (Swamp:3)
  A swamp drake (Swamp:4)
  An orc warrior (Orc:2)
  A swamp dragon simulacrum (Swamp:3)
  6 orcs
  6 demonic plants
  25 foxfires
  24 fungi
  A lurking horror (Abyss:3)
  75 plants
  2 starspawn tentacles (Abyss:3)
161 creatures vanquished.

Grand Total: 2261 creatures vanquished

Notes
Turn   | Place    | Note
-------+----------+-------------------------------------------
     0 | Abyss:1  | purpskrrrp the Troll Abyssal Knight began the quest for the
                  | Orb.
     0 | Abyss:1  | Reached XP level 1. HP: 22/22 MP: 1/1
    84 | Abyss:1  | Noticed a flying skull
    90 | Abyss:1  | Noticed a starcursed mass
    91 | D:1      | Escaped the Abyss
   134 | D:1      | Reached ** piety under Lugonu
   147 | D:1      | Reached XP level 2. HP: 29/29 MP: 2/2
   182 | D:1      | Found a faded altar of an unknown god.
   571 | D:1      | Reached XP level 3. HP: 33/36 MP: 3/3
  1528 | D:3      | Found a shadowy altar of Dithmenos.
  1561 | D:3      | Reached *** piety under Lugonu
  1576 | D:3      | Reached skill level 3 in Unarmed Combat
  1602 | D:3      | Noticed a scorpion
  1607 | D:3      | Killed a scorpion
  1608 | D:3      | Reached XP level 4. HP: 43/44 MP: 4/4
  2485 | D:4      | Reached XP level 5. HP: 46/53 MP: 5/5
  2501 | D:4      | Reached skill level 1 in Armour
  2535 | D:4      | Found a staircase to the Ecumenical Temple.
  2542 | D:4      | Reached skill level 4 in Unarmed Combat
  2584 | D:4      | Reached XP level 6. HP: 61/61 MP: 6/6
  2645 | D:4      | Found a bloodstained altar of Trog.
  3107 | D:5      | Entered Level 5 of the Dungeon
  3125 | D:5      | Noticed a water moccasin
  3137 | D:5      | Killed a water moccasin
  3177 | D:5      | Reached XP level 7. HP: 67/67 MP: 7/7
  3318 | D:5      | Reached skill level 5 in Unarmed Combat
  3616 | D:5      | Noticed Eustachio
  3629 | D:5      | Killed Eustachio
  3630 | D:5      | Reached XP level 8. HP: 48/78 MP: 8/8
  3800 | D:5      | Reached skill level 6 in Unarmed Combat
  3933 | D:6      | Found a glowing drain.
  3949 | D:6      | Reached **** piety under Lugonu
  3978 | Sewer    | Entered a sewer
  4033 | Sewer    | Noticed Pargi
  4038 | Sewer    | Killed Pargi
  4369 | D:6      | HP: 2/79 [electric eel/bolt of electricity (7)]
  4377 | D:6      | Reached skill level 7 in Unarmed Combat
  4508 | D:6      | Noticed Pikel
  4541 | D:6      | Killed Pikel
  4542 | D:6      | Reached skill level 5 in Armour
  4542 | D:6      | Reached XP level 9. HP: 80/87 MP: 9/9
  4739 | D:6      | Reached skill level 5 in Fighting
  4909 | D:6      | Noticed Prince Ribbit
  4920 | D:6      | Killed Prince Ribbit
  4921 | D:6      | Reached skill level 5 in Dodging
  4921 | D:6      | Reached skill level 8 in Unarmed Combat
  5216 | D:7      | Reached ***** piety under Lugonu
  5389 | D:7      | Noticed Menkaure
  5394 | D:7      | Killed Menkaure
  5395 | D:7      | Reached XP level 10. HP: 96/96 MP: 10/10
  5509 | D:7      | Reached skill level 9 in Unarmed Combat
  6160 | D:8      | Identified the +9 whip of Grace {flame, Str+4 Int+4}
  6263 | D:8      | Noticed a two-headed ogre
  6280 | D:8      | Killed a two-headed ogre
  6406 | D:8      | Found a blossoming altar of Fedhas.
  6519 | D:8      | Found a broken altar of Ashenzari.
  6519 | D:8      | Found a sparkling altar of Nemelex Xobeh.
  6525 | D:8      | Found a white marble altar of Elyvilon.
  6526 | D:8      | Found an ancient bone altar of Kikubaaqudgha.
  6528 | D:8      | Found a radiant altar of Vehumet.
  6529 | D:8      | Found an iron altar of Okawaru.
  6529 | D:8      | Noticed Psyche
  6544 | D:8      | Killed Psyche
  6546 | D:8      | Found a shimmering blue altar of Sif Muna.
  6588 | D:8      | Found a basalt altar of Yredelemnul.
  7302 | D:9      | Reached skill level 10 in Unarmed Combat
  7402 | D:9      | Noticed Harold
  7421 | D:9      | Killed Harold
  7591 | D:9      | Found a snail-covered altar of Cheibriados.
  7777 | D:9      | Reached XP level 11. HP: 106/106 MP: 11/11
  7988 | D:10     | Entered Level 10 of the Dungeon
  8141 | D:10     | Found a hazy altar of Hepliaklqana.
  9145 | D:11     | Reached skill level 11 in Unarmed Combat
  9334 | D:11     | Noticed a green ugly thing
  9342 | D:11     | Killed a green ugly thing
  9442 | D:11     | Noticed a wizard
  9449 | D:11     | Killed a wizard
  9466 | D:11     | Noticed a two-headed ogre
  9473 | D:11     | Killed a two-headed ogre
  9544 | D:11     | Found a staircase to the Lair.
  9552 | D:11     | Reached XP level 12. HP: 116/118 MP: 12/12
  9711 | D:11     | Noticed a boulder beetle
  9724 | D:11     | Killed a boulder beetle
  9862 | D:11     | Noticed a boulder beetle
  9898 | D:11     | Killed a boulder beetle
  9899 | D:11     | Reached skill level 12 in Unarmed Combat
 10149 | D:11     | Noticed a storm dragon
 10390 | Lair:1   | Entered Level 1 of the Lair of Beasts
 10418 | Lair:1   | Reached ****** piety under Lugonu
 10475 | Lair:1   | Identified the +3 dagger of Udekion {vamp, *Corrode Int+3
                  | SInv Stlth+}
 10723 | Lair:1   | Reached skill level 10 in Armour
 11442 | Lair:2   | Found a staircase to the Swamp.
 11442 | Lair:2   | Noticed a seven-headed hydra
 11447 | Lair:2   | Noticed Fannar
 11459 | Lair:2   | Killed a nine-headed hydra
 11654 | Lair:2   | Killed Fannar
 11762 | Lair:2   | Reached skill level 13 in Unarmed Combat
 11879 | Lair:2   | Reached skill level 1 in Maces & Flails
 12017 | Lair:2   | Reached XP level 13. HP: 116/117 MP: 13/13
 12497 | Lair:2   | Noticed Nergalle
 12503 | Lair:2   | Killed Nergalle
 12946 | Lair:2   | Found the +3 pair of gauntlets of War {Slay+5}
 13283 | Lair:3   | Noticed Snorg
 13296 | Lair:3   | Killed Snorg
 13558 | Lair:3   | Found a staircase to the Snake Pit.
 13579 | Lair:3   | Found a hide-covered altar of Uskayaw.
 13579 | Lair:3   | Found an ornate altar of the Wu Jian Council.
 13809 | Lair:3   | Noticed Nessos
 13824 | Lair:3   | Killed Nessos
 13882 | Lair:3   | Reached skill level 14 in Unarmed Combat
 14084 | Lair:3   | Noticed Urug
 14096 | Lair:3   | Killed Urug
 14109 | Lair:3   | Identified a +3 demon trident of distortion (a +1 demon
                  | trident of electrocution corrupted by Lugonu)
 14109 | Lair:3   | Received a gift from Lugonu
 14134 | Lair:3   | Identified a scroll of acquirement
 14134 | Lair:3   | Acquired a manual of Armour
 15137 | Lair:4   | Found a frozen archway.
 15152 | IceCv    | Entered an ice cave
 15177 | IceCv    | Reached XP level 14. HP: 137/137 MP: 14/14
 15552 | IceCv    | Gained mutation: You are partially covered in iridescent
                  | scales. (AC +2) [potion of mutation]
 15552 | IceCv    | Gained mutation: Your muscles are strong. (Str +4, Int/Dex
                  | -1) [potion of mutation]
 15621 | Lair:4   | Identified the +10 war axe of Fedhas's Delight {holy,
                  | *Noise Str+4 Int+9 Dex-5}
 16576 | Lair:5   | Entered Level 5 of the Lair of Beasts
 16751 | Lair:5   | Reached skill level 5 in Maces & Flails
 16776 | Lair:5   | Reached skill level 15 in Unarmed Combat
 17673 | Lair:5   | Found a viscous altar of Jiyva.
 17674 | Lair:5   | Found a staircase to the Slime Pits.
 17833 | Lair:5   | Found a large runed translucent door.
 17834 | Lair:5   | Found a large runed translucent door.
 18310 | Lair:5   | Reached XP level 15. HP: 141/148 MP: 13/15
 19369 | D:12     | Found a staircase to the Orcish Mines.
 19390 | Orc:1    | Entered Level 1 of the Orcish Mines
 19390 | Orc:1    | Noticed an orc warlord
 19562 | D:12     | Found Secrir's Blood Bar.
 19851 | D:13     | Noticed Maurice
 19865 | D:13     | Killed Maurice
 20145 | D:13     | Found a gate to the Vaults.
 20284 | D:13     | Noticed Lodul
 20291 | D:13     | Killed Lodul
 20889 | D:14     | Found a gate leading to a gauntlet.
 20898 | Gauntlet | Entered a Gauntlet
 20898 | Gauntlet | Found a transporter.
 20902 | Gauntlet | Found a transporter.
 20916 | Gauntlet | Found a transporter.
 20919 | Gauntlet | Found a transporter.
 20929 | Gauntlet | Found a transporter.
 20949 | Gauntlet | Found a transporter.
 20962 | Gauntlet | Found a transporter.
 20982 | Gauntlet | Found a transporter.
 20986 | Gauntlet | Found a transporter.
 20988 | Gauntlet | Found a runed translucent gate.
 20988 | Gauntlet | Found a runed translucent gate.
 20994 | Gauntlet | Found a transporter.
 21002 | Gauntlet | Found a runed translucent gate.
 21016 | Gauntlet | Found a transporter.
 21020 | Gauntlet | Found a transporter.
 21168 | Gauntlet | Reached skill level 10 in Fighting
 21195 | Gauntlet | Acquired a manual of Unarmed Combat
 21209 | Gauntlet | Reached skill level 16 in Unarmed Combat
 21217 | Gauntlet | Identified the ring "Vunui" {rF++ Slay+4}
 21230 | Gauntlet | Identified the +7 dire flail "Ohuguke" {antimagic, rPois}
 21230 | Gauntlet | Identified the +7 leather armour of the Hanged Man {rElec
                  | Will+ Int+7}
 21473 | D:14     | Reached skill level 10 in Dodging
 21889 | D:14     | Reached skill level 15 in Armour
 22275 | D:15     | Entered Level 15 of the Dungeon
 22399 | D:15     | Found Ifauriw's Magic Scroll Shoppe.
 22437 | D:15     | Found a shadowy altar of Dithmenos.
 23132 | D:15     | Found a staircase to the Depths.
 23142 | D:15     | Reached XP level 16. HP: 59/158 MP: 7/16
 23151 | D:15     | Reached skill level 17 in Unarmed Combat
 23322 | D:15     | Lost mutation: You are partially covered in iridescent
                  | scales. (AC +2) [potion of mutation]
 23322 | D:15     | Lost mutation: Your muscles are strong. (Str +4, Int/Dex
                  | -1) [potion of mutation]
 23322 | D:15     | Gained mutation: Your movements are slightly less
                  | encumbered by armour. (ER -2) [potion of mutation]
 23322 | D:15     | Gained mutation: You have hidden genetic potential. [potion
                  | of mutation]
 23322 | D:15     | Gained mutation: You heal very quickly. [potion of
                  | mutation]
 23670 | Orc:1    | Found Xoip's Assorted Antiques.
 23965 | Orc:2    | Entered Level 2 of the Orcish Mines
 24231 | Orc:2    | Found Ummecrul's Armour Emporium.
 24245 | Orc:2    | Found Xeesuthea's Antique Armour Shop.
 24506 | Orc:2    | Found Mukeeq's Armour Shop.
 24506 | Orc:2    | Found Urouc's Distillery.
 24932 | Orc:2    | Found a staircase to the Elven Halls.
 25247 | Swamp:1  | Entered Level 1 of the Swamp
 25794 | Swamp:1  | Reached skill level 18 in Unarmed Combat
 25958 | Swamp:1  | Identified the +1 leather armour of Melancholy {rF- Str+4
                  | SInv}
 26429 | Swamp:2  | Identified the ring of Rosamumi {Wiz Int+3}
 26523 | Swamp:3  | Paralysed by a fenstrider witch for 2 turns
 26931 | Swamp:3  | Identified the +2 helmet of Otiyt {Str+3 SInv}
 26954 | Swamp:3  | Found a transporter.
 26972 | Swamp:3  | Noticed Kacaoki's ghost (adept MiBe)
 26977 | Swamp:3  | Noticed a tentacled monstrosity
 27077 | Swamp:3  | Noticed a tentacled monstrosity
 27081 | Swamp:3  | Found a transporter.
 27494 | Swamp:4  | Entered Level 4 of the Swamp
 27763 | Swamp:4  | Reached XP level 17. HP: 138/170 MP: 10/17
 27765 | Swamp:4  | Reached skill level 19 in Unarmed Combat
 27765 | Swamp:4  | Gained mutation: Your mind is acute. (Int +4, Str/Dex -1)
                  | [hidden potential]
 28255 | Swamp:4  | Got a decaying rune of Zot
 28371 | Swamp:4  | Identified the +7 rapier "Adoadoz" {vorpal, *Noise Will+
                  | Int+3 Dex+2}
 28373 | Swamp:4  | Identified the +6 trident of Inflation {flame, rF+ Str+4
                  | Int+7}
 28754 | Swamp:3  | Killed a tentacled monstrosity
 28760 | Swamp:3  | Killed a tentacled monstrosity
 28775 | Swamp:3  | Killed Kacaoki's ghost
 28897 | Snake:1  | Entered Level 1 of the Snake Pit
 29374 | Snake:1  | Identified the +10 quarterstaff "Beast's Demise" {elec, rC+
                  | Str-3 Dex+2}
 29430 | Snake:1  | Noticed Azrael
 29435 | Snake:1  | Killed Azrael
 29529 | Snake:1  | Reached skill level 20 in Unarmed Combat
 31751 | Snake:3  | Reached XP level 18. HP: 156/179 MP: 14/18
 31760 | Snake:3  | Noticed Mlioglotl
 31771 | Snake:2  | Gained mutation: You are agile. (Dex +4, Str/Int -1)
                  | [hidden potential]
 31771 | Snake:2  | Lost mutation: You have hidden genetic potential. [hidden
                  | potential expressed]
 31776 | Snake:2  | Lost mutation: You heal very quickly. [potion of mutation]
 31776 | Snake:2  | Lost mutation: Your mind is acute. (Int +4, Str/Dex -1)
                  | [potion of mutation]
 31776 | Snake:2  | Lost mutation: You are agile. (Dex +4, Str/Int -1) [potion
                  | of mutation]
 31776 | Snake:2  | Gained mutation: Your spells are a little easier to cast,
                  | but a little less powerful. [potion of mutation]
 31777 | Snake:2  | Lost mutation: Your spells are a little easier to cast, but
                  | a little less powerful. [potion of mutation]
 31777 | Snake:2  | Lost mutation: Your movements are slightly less encumbered
                  | by armour. (ER -2) [potion of mutation]
 31777 | Snake:2  | Gained mutation: Your body sometimes deteriorates upon
                  | taking damage. [potion of mutation]
 31777 | Snake:2  | Gained mutation: Your movements are slightly less
                  | encumbered by armour. (ER -2) [potion of mutation]
 31777 | Snake:2  | Gained mutation: You are resistant to electric shocks.
                  | (rElec) [potion of mutation]
 31778 | Snake:2  | Lost mutation: Your body sometimes deteriorates upon taking
                  | damage. [potion of mutation]
 31778 | Snake:2  | Lost mutation: Your movements are slightly less encumbered
                  | by armour. (ER -2) [potion of mutation]
 31778 | Snake:2  | Lost mutation: You are resistant to electric shocks.
                  | (rElec) [potion of mutation]
 31778 | Snake:2  | Gained mutation: Your body sometimes deteriorates upon
                  | taking damage. [potion of mutation]
 31779 | Snake:2  | Lost mutation: Your body sometimes deteriorates upon taking
                  | damage. [potion of mutation]
 31779 | Snake:2  | Gained mutation: You expend magic power (3 MP) to
                  | strengthen your wands. [potion of mutation]
 31779 | Snake:2  | Gained mutation: You are frail. (-10% HP) [potion of
                  | mutation]
 31779 | Snake:2  | Gained mutation: You have a pair of small horns on your
                  | head. [potion of mutation]
 31785 | Snake:3  | Killed Mlioglotl
 32195 | Snake:3  | Found a glowing golden altar of the Shining One.
 32368 | Snake:3  | Found Itwetezo's Armour Boutique.
 32381 | Snake:3  | Found Usoreugh's Assorted Antiques.
 32381 | Snake:3  | Found Iwaxzemu's Antique Weapon Shop.
 32386 | Snake:3  | Found Ymoteof's Book Shop.
 32389 | Snake:3  | Bought a potion of heal wounds for 135 gold pieces
 32389 | Snake:3  | Bought a potion of might for 108 gold pieces
 32389 | Snake:3  | Bought a potion of curing for 81 gold pieces
 32389 | Snake:3  | Bought a scroll of poison for 108 gold pieces
 32912 | Snake:4  | Entered Level 4 of the Snake Pit
 33293 | Snake:4  | Reached skill level 1 in Shields
 33305 | Snake:4  | Reached skill level 21 in Unarmed Combat
 34091 | Snake:4  | Identified the +4 hand axe of Lust {venom, Str+3 Dex+4}
 34960 | Snake:4  | Got a serpentine rune of Zot
 35305 | Elf:1    | Entered Level 1 of the Elven Halls
 35317 | Orc:2    | Reached skill level 10 in Maces & Flails
 35428 | Elf:1    | Noticed Roxanne
 35660 | Elf:1    | Paralysed by an air elemental for 1 turns
 35700 | Elf:1    | Paralysed by an air elemental for 1 turns
 35728 | Elf:1    | Paralysed by an air elemental for 1 turns
 35832 | Elf:1    | Identified the +0 robe of Levity {rPois rN+ Int-5 Stlth+}
 36319 | Elf:1    | Killed Roxanne
 36483 | Elf:2    | Reached XP level 19. HP: 147/170 MP: 14/19
 36593 | Elf:2    | Reached skill level 5 in Shields
 36599 | Abyss:3  | Cast into level 3 of the Abyss (a deep elf demonologist)
 36610 | Abyss:3  | Noticed a hellephant
 36620 | Abyss:3  | Noticed an ancient lich
 36633 | Elf:2    | Escaped the Abyss
 36913 | Elf:2    | Found a runed translucent gate.
 36914 | Elf:2    | Found a runed translucent gate.
 36914 | Elf:2    | Found a runed translucent gate.
 38155 | Elf:3    | Entered Level 3 of the Elven Halls
 38162 | Elf:3    | Noticed Zenata
 38182 | Elf:3    | Killed Zenata
 39580 | Elf:3    | Identified the +6 executioner's axe "Xen Cacw" {spect,
                  | rPois rC- rN+ rCorr}
 39589 | Elf:3    | Identified the ring "Ireeta" {Drain rElec rPois Will+
                  | rCorr}
 39747 | Elf:3    | Identified the +8 quarterstaff "Egucsyg" {holy, rPois rF-
                  | rC+}
 39747 | Elf:3    | Identified the ring "Hoecob" {rC+ Int+8 Dex-5}
 39756 | Abyss:3  | Cast into level 3 of the Abyss (a deep elf demonologist)
 39824 | Elf:3    | Escaped the Abyss
 40052 | Elf:3    | Identified the +3 leather armour "Syat" {Regen+ Str+7}
 40058 | Abyss:3  | Cast into level 3 of the Abyss (a deep elf sorcerer)
 40121 | Abyss:3  | Reached skill level 22 in Unarmed Combat
 40134 | Elf:3    | Escaped the Abyss
 40158 | Abyss:3  | Cast into level 3 of the Abyss (a deep elf sorcerer)
 40224 | Elf:3    | Escaped the Abyss
 40604 | Elf:3    | Paralysed by an air elemental for 1 turns
 40811 | Elf:3    | Got the Vademecum on Elsewhere and the Flock
 40819 | Elf:3    | Got the Opusculum on Guile and Bedrock
 40825 | Elf:3    | Identified the +2 hand axe of Rarph {pain, *Rage rF+ Str+3
                  | Dex+3}
 41280 | Depths:1 | Entered Level 1 of the Depths
 41280 | Depths:1 | Found Doomen's Distillery.
 41429 | D:15     | Reached XP level 20. HP: 154/180 MP: 16/20
 41584 | Depths:1 | Bought a potion of curing for 57 gold pieces
 41584 | Depths:1 | Bought a potion of berserk rage for 95 gold pieces
 41584 | Depths:1 | Bought a potion of heal wounds for 95 gold pieces
 41584 | Depths:1 | Bought a potion of curing for 57 gold pieces
 41584 | Depths:1 | Bought a potion of curing for 57 gold pieces
 41918 | Depths:1 | Found a gateway to Hell.
 42076 | Depths:1 | Found a one-way gate to the infinite horrors of the Abyss.
 42767 | Vaults:1 | Entered Level 1 of the Vaults
 43261 | Vaults:1 | Reached skill level 10 in Shields
 43332 | Vaults:1 | Found Hatrekh's Distillery.
 43341 | Vaults:1 | Bought a potion of might for 72 gold pieces
 43341 | Vaults:1 | Bought a potion of cancellation for 144 gold pieces
 43635 | Vaults:1 | Paralysed by a great orb of eyes for 2 turns
 44678 | Vaults:2 | Noticed Margery
 44688 | Vaults:2 | Killed Margery
 44862 | Vaults:2 | Found a staircase to the Crypt.
 44920 | Vaults:2 | Noticed Donald
 44928 | Vaults:2 | Killed Donald
 45342 | Vaults:2 | Reached skill level 23 in Unarmed Combat
 45342 | Vaults:2 | Reached XP level 21. HP: 189/189 MP: 21/21
 45421 | Vaults:2 | Found Jaxuall's General Store.
 45536 | Vaults:2 | Noticed Bai Suzhen
 45552 | Vaults:2 | Killed Bai Suzhen
 46634 | Abyss:3  | Cast into level 3 of the Abyss (a wizard)
 46699 | Vaults:3 | Escaped the Abyss
 47105 | Vaults:3 | Identified the +11 whip "Saigrir" {distort, rPois Dex+7}
 47354 | Vaults:3 | Found a portal to a secret trove of treasure.
 47821 | Vaults:4 | Identified the +8 flail of the Thieving Gods {drain, rN+}
 48842 | Vaults:5 | Entered Level 5 of the Vaults
 48879 | Vaults:5 | Noticed Mara
 48881 | Vaults:5 | Noticed a golden dragon
 49200 | Vaults:5 | Noticed purpskrrrp's illusion
 49370 | Vaults:5 | Noticed Jory
 49374 | Vaults:4 | Reached XP level 22. HP: 191/199 MP: 22/22
 49380 | Vaults:4 | Killed a golden dragon
 49430 | Vaults:4 | Killed Jory
 49500 | Vaults:4 | Paralysed by a sphinx for 2 turns
 49515 | Vaults:5 | Identified the +9 great sword of Oozing Pus {flame, rPois
                  | rF+ rCorr Int-2}
 49656 | Vaults:5 | Noticed purpskrrrp's illusion
 49716 | Vaults:5 | Noticed purpskrrrp's illusion
 49719 | Vaults:4 | Noticed purpskrrrp's illusion
 49737 | Vaults:4 | Killed Mara
 50095 | Vaults:5 | Identified the +11 longbow of Eternity {flame, *Slow rN+
                  | Will+ rCorr}
 50129 | Vaults:5 | Reached skill level 24 in Unarmed Combat
 50157 | Vaults:5 | Noticed a dread lich
 50178 | Vaults:5 | Paralysed by a dread lich for 5 turns
 50188 | Vaults:5 | Killed a dread lich
 50485 | Vaults:5 | Identified the +3 pair of gloves of Vehumet's Fury {Regen+}
 50570 | Vaults:5 | Noticed a dread lich
 50650 | Vaults:5 | Identified the +9 double sword of Abomination {antimagic,
                  | rC+ Str+4}
 50650 | Vaults:5 | Identified the ring of Plog {rCorr Str-5 Dex+5}
 50731 | Vaults:5 | Killed a dread lich
 50988 | Vaults:5 | Paralysed by something for 2 turns
 50994 | Vaults:5 | HP: 4/114 [tengu reaver/bolt of acid (39)]
 50999 | Vaults:4 | HP: 5/114 [tengu reaver/+3 vorpal bardiche (4)]
 51061 | Vaults:5 | Paralysed by an ogre mage for 5 turns
 51143 | Vaults:5 | Found the +18 shield of the Gong {rElec rN+ Will+ EV-5}
 51421 | Vaults:5 | Reached skill level 15 in Shields
 51425 | Vaults:5 | Identified the +5 trident of Moif Raill {vorpal, Will+
                  | Int+5}
 51599 | Vaults:5 | Got a silver rune of Zot
 51613 | Vaults:5 | Got the Handbook of Attacks
 52226 | Depths:2 | Identified the ring "Lyimemm" {Ice Fly Str+7 Int-2 Dex+4
                  | Stlth-}
 52226 | Depths:2 | Noticed Josephina
 52750 | Depths:2 | Found a one-way gate leading to the halls of Pandemonium.
 52834 | Depths:2 | Found Big Baal Hell's Store.
 53088 | Depths:2 | Reached XP level 23. HP: 168/195 MP: 23/23
 53450 | Depths:2 | Killed Josephina
 53718 | Depths:2 | Found a one-way gateway to a ziggurat.
 54133 | Depths:3 | Noticed a juggernaut
 54141 | Depths:3 | Killed a juggernaut
 54149 | Depths:3 | Paralysed by a floating eye for 3 turns
 54166 | Depths:3 | Noticed a caustic shrike
 54173 | Depths:3 | Killed a caustic shrike
 54330 | Depths:3 | Noticed an ancient lich
 54338 | Depths:3 | Killed an ancient lich
 54489 | Depths:3 | Paralysed by a floating eye for 3 turns
 54500 | Depths:3 | Noticed a juggernaut
 54511 | Depths:3 | Killed a juggernaut
 54733 | Depths:3 | Reached skill level 25 in Unarmed Combat
 54754 | Depths:3 | Noticed an ancient lich
 54765 | Depths:3 | Killed an ancient lich
 54879 | Depths:3 | Got the Lessons on Summoning
 55085 | Depths:3 | Found the +7 great mace "Firestarter" {inner flame, rF++}
 55735 | Depths:3 | Found Akukoots's Weapon Boutique.
 55776 | Depths:4 | Entered Level 4 of the Depths
 56014 | Depths:4 | Noticed a juggernaut
 56025 | Depths:4 | Killed a juggernaut
 56198 | Depths:4 | Reached XP level 24. HP: 202/218 MP: 23/23
 56433 | Depths:4 | Found a gate to the Realm of Zot.
 56638 | Zot:1    | Entered Level 1 of the Realm of Zot
 57075 | Zot:1    | Reached skill level 15 in Fighting
 57835 | Slime:1  | Entered Level 1 of the Pits of Slime
 57880 | Slime:1  | Found a viscous altar of Jiyva.
 58005 | Slime:1  | Reached skill level 15 in Dodging
 58006 | Slime:1  | Gained mutation: Your body sometimes deteriorates upon
                  | taking damage. [a shining eye]
 59573 | Slime:5  | Entered Level 5 of the Pits of Slime
 59586 | Slime:5  | Noticed the Royal Jelly
 59703 | Slime:4  | Paralysed by a floating eye for 2 turns
 59948 | Slime:5  | Found a viscous altar of Jiyva.
 60141 | Slime:4  | HP: 11/220 [quicksilver ooze[the Royal Jelly] (7)]
 60150 | Slime:4  | HP: 11/220 [acid blob/splash of acid[the Royal Jelly] (7)]
 60150 | Slime:4  | HP: 1/220 [acid blob/splash of acid[the Royal Jelly] (10)]
 60153 | Slime:4  | Slain by an acid blob

Illustrated notes

Levels and vault maps discovered:
D:1:      amcnicky_arrival_flooded_fountain, layout_rooms,
          ebering_ecumenical_altar_hall, minmay_misc_feat_rugged,
          corner_web_ring, minivault_19, st_stairs_5, hangedman_decor_push,
          hangedman_decor_peaks_small
D:2:      layout_loops_corners, minmay_octomino_e4
D:3:      wad_lake_hut, layout_basic, nicolae_overflow_crystal_walls,
          grunt_ministairs_2
D:4:      layout_loops_ring, mainiacjoe_overflow_small_starburst,
          minmay_temple_entry_arrows, serial_park_tiny_1
D:5:      minmay_spotlight, layout_basic, uniq_eustachio
D:6:      layout_cave_pools, serial_bayou, serial_bayou_ford_a,
          serial_bayou_pond_b, serial_bayou_shore_a, serial_bayou_lagoon_b,
          portal_sewer_entry_f, uniq_prince_ribbit1, uniq_pikel
D:7:      layout_basic, uniq_menkaure
D:8:      layout_basic, fedhas_altar_3, nicolae_overflow_hallway_of_the_gods,
          serial_rivers, chequers_serial_rivers_micro_a,
          chequers_serial_rivers_marsh, chequers_serial_rivers_small_a,
          chequers_serial_rivers_small_b, minmay_misc_feat_x, uniq_psyche
D:9:      layout_roguey, cheibrodos_worm_habitat, uniq_harold
D:10:     layout_grid_maze, general_overflow_altar
D:11:     layout_loops_ring, david_lair_generic, minivault_25_ag,
          minmay_starry_boxes
D:12:     layout_irregular_city, erik_orc_2, serial_demonic, serial_demonic_e,
          serial_demonic_e, serial_demonic_e, serial_demonic_g,
          guppyfry_shop_blood
D:13:     layout_cave_pods, erik_vaults_2, uniq_maurice, uniq_lodul
D:14:     cheibrodos_statue_roulette, layout_stronghold, gauntlet_entry_generic,
          minmay_misc_feat_rows, solitary_fountain
D:15:     grunt_enter_depths_snipers, layout_loops_ring,
          nicolae_dithmenos_the_darkroom, serial_shops, shop,
          minmay_fractal_squares_diagonal_5
Lair:1:   layout_loops_ring, lemuel_fruit_tree, grunt_megastairs_3
Lair:2:   nzn_winding_woodlands_huge [nzn_winding_woodlands_5x15_twine,
          nzn_winding_woodlands_5x15_river_crossing,
          nzn_winding_woodlands_5x15_jagged, nzn_winding_woodlands_5x15_cabin,
          nzn_winding_woodlands_5x15_sidewinder,
          nzn_winding_woodlands_5x15_split_checker,
          nzn_winding_woodlands_5x15_parted,
          nzn_winding_woodlands_5x15_pathside_ponds,
          nzn_winding_woodlands_5x15_eye, nzn_winding_woodlands_5x15_concentric,
          nzn_winding_woodlands_center_diamonds,
          nzn_winding_woodlands_center_garden,
          nzn_winding_woodlands_15x15_boxy_spiral], layout_misc_corridors,
          minmay_swamp_entry_reptiles, uniq_nergalle, uniq_fannar
Lair:3:   layout_cave_pods, dummy_snake_entry, serial_bayou_pond_e,
          nzn_masters_of_martial_movement, uniq_nessos, uniq_snorg, uniq_urug
Lair:4:   layout_cave_pods, portal_ice_cave_entry_ice_simulacra
Lair:5:   cheibrodos_lair_end_hotspot, layout_concentric_octagons, slime_entry_1
Swamp:1:  layout_basic_swamp, evilmike_swamp_ruin_house_4,
          nicolae_swamp_oklob_treasure_island
Swamp:2:  layout_basic_swamp, evilmike_swamp_ruin_house_6
Swamp:3:  layout_falls_marsh, gammafunk_ghost_arena, nicolae_swamp_big_swirl,
          swamp_pool1, hangedman_swamp_blocks, nicolae_swamp_necromancer_hut
Swamp:4:  swamp_alternative, layout_basic_swamp
Snake:1:  layout_cave_shapes, uniq_azrael
Snake:2:  layout_chambers
Snake:3:  layout_gridlike, basic_altar, serial_bayou_lagoon_a,
          guppyfry_library_mini, serial_bayou_shore_b, minmay_shoptagon,
          uniq_mlioglotl
Snake:4:  hellmonk_snake_rune_quicksilver_temple, layout_rooms, drop_trap,
          nicolae_snake_guarding_the_ruins
Slime:1:  layout_caves, basic_altar, nicolae_slime_barrier,
          nicolae_slime_phagocytosis
Slime:2:  layout_caves
Slime:3:  layout_caves
Slime:4:  layout_caves, nicolae_slime_welcoming_committee
Slime:5
Orc:1:    layout_diamond_mine, serial_shops, shop_fountains
Orc:2:    st_orc_town, layout_caves, mines2_david
Elf:1:    eino_elf_arrival_the_gate, layout_gridlike, hangedman_elf_represent,
          uniq_roxanne
Elf:2:    nicolae_elf_blades_crystal_corner, layout_geoelf_diagonals
Elf:3:    elf_hall, layout_geoelf_octagon, uniq_zenata
Vaults:1: v_alt_pattern_4, vaults_room_mumra_shop_pool, dpeg_vaults_monster_row,
          nicolae_vaults_asterisk, grunt_vaults_focal,
          nicolae_vaults_yaktaur_gun_rack, vaults_mumra_hexcomb,
          hangedman_vaults_cutoff, layout_vaults_chaotic_city
Vaults:2: vaults_dpeg_ring, minmay_crypt_entry_simple_statues,
          hangedman_vaults_cutoff, vaults_standard_mumra_lines,
          nicolae_vaults_network_star, vaults_room_hallway,
          nicolae_vaults_network_barrier, v_misc_32, v_misc_30,
          nicolae_vaults_little_squares_2, vaults_dpeg_encased_lava,
          ontoclasm_vaults_loading_screen, layout_vaults_maze, serial_shops,
          nicolae_shop_advertising_works [nicolae_subvault_shop_adworks],
          uniq_donald, uniq_bai_suzhen, uniq_margery
Vaults:3: st_smaller_cells, v_pattern_2, hangedman_vaults_stretched_pinwheel,
          v_misc_5, nicolae_vaults_big_ls, nicolae_vaults_what_the_h,
          v_alt_pattern_2, nicolae_vaults_three_branches,
          ontoclasm_vaults_ring_small, vaults_room_semicircle,
          layout_vaults_omnibox, nicolae_trove_entry_diagonal
Vaults:4: v_misc_14, nicolae_vaults_circle_grid_a, vaults_dpeg_cross,
          vaults_room_semicircle, vaults_mumra_minichess,
          hangedman_vaults_snaps, vaults_room_hallway, layout_vaults_omnigrid
Vaults:5: uniq_jory, uniq_mara
Depths:1: layout_cave_pools, serial_shops, shop, grunt_mini_vestibule,
          abyss_entry_crystal, hangedman_abyss_or_decor_slice,
          nicolae_rock_paper_scissors
Depths:2: minmay_skeleton_keep, layout_gridville, enter_ziggurat_b,
          nicolae_hell_entry_big_baal_hell, pan_entry, minmay_room_of_horrors,
          minmay_fountain_box, kennysheep_small_square,
          minmay_staircase_windowed_small, uniq_josephina
Depths:3: hangedman_box_tower, layout_gridville, serial_shops, shop,
          abyss_entry, hell_entry, infiniplex_staircase_zigzag_3
Depths:4: grunt_bruiser_brothers, layout_cave_pools, grunt_decor_one_mirror,
          hell_entry, serial_bayou_shore_b
Zot:1:    lemuel_draconian_sentries_small, layout_twisted_circle

Skill      XL: |  1  2  3  4  5  6  7  8  9 10 11 12 13 14 15 16 17 18 19 20 21 22 23 24 |
---------------+-------------------------------------------------------------------------+-----
Dodging        | 2 3 4 5 6 7 8 9 10 11 12 13 14 15 | 15.1
Invocations    | 2 |  2.4
Unarmed Combat | 3 4 5 7 8 10 11 13 14 15 16 18 20 21 22 23 24 25 | 25.7
Fighting       | 3 4 5 6 7 8 9 10 11 12 13 14 15 | 15.2
Armour         | 1 2 3 5 6 7 9 10 11 13 15 16 17 18 19 | 19.5
Maces & Flails | 1 4 5 7 8 9 10 11 12 13 14 | 14.2
Shields        | 4 8 11 14 15 16 17 | 17.3

Action                   |  1- 3 |  4- 6 |  7- 9 | 10-12 | 13-15 | 16-18 | 19-21 | 22-24 || total
-------------------------+-------+-------+-------+-------+-------+-------+-------+-------++-------
Melee: Unarmed           |   115 |    77 |   270 |   616 |  1132 |  1175 |  1443 |  1601 ||  6429
       Punch             |     3 |     2 |    12 |    37 |   115 |    77 |       |       ||   246
       Giant spiked club |       |       |       |     4 |    60 |   161 |       |       ||   225
       Headbutt          |       |       |       |       |       |   106 |   418 |   511 ||  1035
 Fire: Longbow           |       |       |       |       |     7 |       |       |       ||     7
Invok: Depart the Abyss  |     1 |       |       |       |       |       |     5 |       ||     6
       Brand Weapon With |       |       |       |       |     1 |       |       |       ||     1
       Bend Space        |       |       |       |       |       |       |       |     1 ||     1
Evoke: Wand              |       |       |       |       |       |    11 |     5 |     2 ||    18
       Tin of tremorston |       |       |       |       |       |     1 |       |       ||     1
  Use: Potion            |       |       |     5 |     3 |     6 |    14 |    16 |    11 ||    55
       Scroll            |       |       |       |    23 |    25 |    21 |    17 |    17 ||   103
 Stab: Sleeping          |     2 |       |       |       |       |       |       |       ||     2
       Distracted        |       |       |       |       |     1 |     2 |       |       ||     3
       Invisible         |       |       |       |       |       |     1 |       |       ||     1
Armor: Robe              |    42 |     3 |       |       |       |       |       |       ||    45
       Gold dragon scale |       |    46 |   198 |   517 |  1076 |  1103 |   888 |   776 ||  4604
Dodge: Dodged            |    54 |     5 |    50 |   211 |   532 |   581 |   331 |   210 ||  1974
Block: Kite shield       |       |       |       |       |       |   106 |   602 |  1468 ||  2176
       Reflection        |       |       |       |       |       |    19 |    37 |     3 ||    59
       Tower shield      |       |       |       |       |       |       |       |   177 ||   177

Table legend: (Time is in decaauts)
 A = Elapsed time spent in this place.
 B = Non-inter-level travel time spent in this place.
 C = Inter-level travel time spent in this place.
 D = Time resting spent in this place.
 E = Time spent auto-exploring this place.
 F = Levels seen in this place.
 G = Mean time per level.
                   A        B        C        D        E       F      G
               +--------+--------+--------+--------+--------+-----+--------+
         Total |  58812 |  53697 |   5115 |   7947 |  29897 |  57 | 1031.8 |
       Dungeon |  15300 |  14061 |   1239 |    824 |  10057 |  15 | 1020.0 |
          Lair |   7970 |   7204 |    766 |   1088 |   4288 |   5 | 1594.0 |
         Swamp |   3901 |   3745 |    156 |    553 |   2113 |   4 |  975.2 |
     Snake Pit |   5934 |   5490 |    444 |   1144 |   2773 |   4 | 1483.5 |
    Slime Pits |   2110 |   2092 |     18 |    454 |    770 |   5 |  422.0 |
  Orcish Mines |   1673 |   1536 |    137 |    179 |    897 |   2 |  836.5 |
   Elven Halls |   5370 |   4631 |    739 |   1293 |   1461 |   3 | 1790.0 |
        Vaults |   8698 |   8029 |    669 |   1514 |   4106 |   5 | 1739.6 |
        Depths |   5680 |   4862 |    818 |    772 |   2557 |   4 | 1420.0 |
           Zot |    650 |    525 |    125 |     95 |     94 |   1 |  650.0 |
         Abyss |    384 |    384 |      0 |     11 |    199 |   6 |   64.0 |
         Sewer |    222 |    222 |      0 |      0 |    122 |   1 |  222.0 |
      Ice Cave |    439 |    439 |      0 |     18 |    220 |   1 |  439.0 |
      Gauntlet |    475 |    475 |      0 |      0 |    238 |   1 |  475.0 |
               +--------+--------+--------+--------+--------+-----+--------+

Top non-repeatable levels by time:
   Elf:3: 2518 daAuts
Vaults:4: 2320 daAuts
  Lair:4: 2084 daAuts
Vaults:2: 1869 daAuts
  Lair:2: 1852 daAuts
   Elf:2: 1833 daAuts
Depths:3: 1691 daAuts
 Snake:2: 1681 daAuts
 Snake:4: 1594 daAuts
Vaults:5: 1542 daAuts
  Lair:3: 1537 daAuts
Depths:1: 1526 daAuts
Depths:2: 1509 daAuts
Vaults:1: 1504 daAuts
Vaults:3: 1462 daAuts
